 Dungeon Crawl Stone Soup version 0.18.1-50-g88ac8fd (webtiles) character file.

61 kurovuster the Charmwright (level 3, -1/25 HPs)
             Began as a High Elf Skald on Oct 22, 2016.
             Slain by Terence
             ... wielding a +2 hand axe of chopping
              (5 damage)
             ... on level 2 of the Dungeon.
             The game lasted 00:08:40 (2096 turns).

kurovuster the Charmwright (High Elf Skald)         Turns: 2096, Time: 00:08:41

Health: -1/25      AC:  3    Str: 11    XL:     3   Next: 83%
Magic:  5/8        EV: 12    Int: 16    God:
Gold:   63         SH:  0    Dex: 15    Spells: 3 memorised, 1 level left

rFire  . . .     SeeInvis .     a - +0 spear
rCold  . . .     Gourm    .     b - +0 leather armour
rNeg   . . .     Faith    .     (no shield)
rPois  .         Spirit   .     (no helmet)
rElec  .         Dismiss  .     (no cloak)
rCorr  .         Reflect  .     (no gloves)
SustAt .         Harm     .     (no boots)
MR     .....                    (no amulet)
Stlth  +.........               (no ring)
                                (no ring)

@: infused (expiring), not resistant to hostile enchantments, very unstealthy
A: no striking features
a: no special abilities


You were on level 2 of the Dungeon.
You were not hungry.

You visited 1 branch of the dungeon, and saw 2 of its levels.

You collected 63 gold pieces.

Inventory:

Hand Weapons
 a - a +0 spear (weapon)
Missiles
 o - 6 stones (quivered)
Armour
 b - a +0 leather armour (worn)
 g - a +0 pair of boots
Jewellery
 h - a +3 amulet of reflection {unknown}
Potions
 e - a potion of resistance
 f - a potion of cure mutation {unknown}
 i - a potion of flight {unknown}
 k - a potion of heal wounds {unknown}
Books
 c - a book of Battle

   Spells                             Type                      Level
   a - Infusion                       Charms                       1
   b - Shroud of Golubria             Charms/Translocation         2
   c - Song of Slaying                Charms                       2
   d - Spectral Weapon                Hexes/Charms                 3
   e - Regeneration                   Charms/Necromancy            3
Comestibles
 d - 3 bread rations
 j - 2 beef jerkies


   Skills:
 + Level 2.4 Fighting
 + Level 2.0 Polearms
 + Level 1.4 Armour
 + Level 2.0 Dodging
 + Level 2.7 Spellcasting
 + Level 4.2 Charms


You had one spell level left.
You knew the following spells:

 Your Spells              Type           Power        Failure   Level  Hunger
a - Infusion              Chrm           ###.         6%          1    #......
b - Shroud of Golubria    Chrm/Tloc      #.........   17%         2    ##.....
c - Regeneration          Chrm/Necr      #.........   34%         3    ###....


Dungeon Overview and Level Annotations

Branches:
Dungeon (2/15)

Altars:
Cheibriados

Annotations:
D:2 Terence


Message History

You hit Terence.
Terence is moderately wounded.
Terence barely misses you.
You closely miss Terence.
Terence is moderately wounded.
You hit Terence but do no damage.
Terence is moderately wounded.
Your magical infusion is running out.
Terence hits you with a hand axe of chopping.
You hit Terence.
Terence is heavily wounded.
Terence closely misses you.
You hit Terence.
Terence is severely wounded.
Terence hits you with a hand axe of chopping!
* * * LOW HITPOINT WARNING * * *
x2
As you read the scroll labeled SYSANW GUNLIL, it crumbles to dust.
You feel blessed for a moment.
It was a scroll of remove curse.
Terence hits you with a hand axe of chopping.
You die...

#...... ... #..#...
#.. ##..#.## ##[.
#######.....# ...
#.........#.##
#@..#####.#.#.##..#...
#.................####
#.######.#.#.##.##
#..@@...........#
#################


You could see Terence.

Vanquished Creatures
  An adder (D:2)
  An ooze (D:1)
  2 dart slugs (D:1)
  A giant gecko (D:1)
  3 giant cockroaches (D:1)
  3 goblins (D:1)
  10 hobgoblins
  3 jackals (D:1)
  A ball python (D:1)
  3 bats (D:1)
  2 giant newts
  3 kobolds (D:1)
  7 rats
40 creatures vanquished.

Notes
Turn   | Place    | Note
--------------------------------------------------------------
     0 | D:1      | kurovuster the High Elf Skald began the quest for the Orb.
     0 | D:1      | Reached XP level 1. HP: 14/14 MP: 4/4
   135 | D:1      | Reached XP level 2. HP: 11/19 MP: 3/6
   199 | D:1      | Learned a level 2 spell: Shroud of Golubria
   226 | D:1      | Reached skill level 4 in Charms
   387 | D:1      | Reached skill level 1 in Armour
   627 | D:1      | Reached XP level 3. HP: 24/24 MP: 8/8
  1558 | D:2      | Found a snail-covered altar of Cheibriados.
  1592 | D:2      | Learned a level 3 spell: Regeneration
  2073 | D:2      | Noticed Terence
  2096 | D:2      | Slain by Terence

Skill      XL: |  1  2  3 |
---------------+----------+-----
Charms         | 4 |  4.2
Polearms       | 2 |  2.0
Armour         | 1 |  1.4
Dodging        | 2 |  2.0
Fighting       | |  2.4
Spellcasting   | |  2.7

Action                   || total
-------------------------++-------
Melee: Spear             ||   179
Throw: Stone             ||     1
 Cast: Infusion          ||     5
  Use: Scroll            ||     2
 Stab: Sleeping          ||     1
  Eat: Bread ration      ||     1
Armor: Leather armour    ||    36
Dodge: Dodged            ||   114
